 Seeded DCSS version 0.30-a0-170-g85af917532 (webtiles) character file.

Game seed: 10253004028457244877 (custom seed)

270 Iusername the Covered (level 6, -8/53 HPs)
             Began as a Minotaur Fighter on Sept 30, 2022.
             Killed from afar by Dowan (14 damage)
             ... with a shard of ice
             ... on level 4 of the Dungeon.
             The game lasted 00:03:18 (3880 turns).

Iusername the Covered (Minotaur Fighter)            Turns: 3880, Time: 00:03:19

Health: -8/53      AC: 25    Str: 23    XL:     6   Next: 1%
Magic:  5/5        EV:  6    Int:  5    God:
Gold:   172        SH:  4    Dex:  9    Spells: 5/5 levels left

rFire   . . .      SeeInvis +    a - +0 long sword
rCold   . . .      Faith    .    c - +0 buckler
rNeg    . . .      Spirit   .    z - +10 plate armour of Exclusion {Rampage rPois SInv}
rPois   +          Reflect  .    u - +1 hat
rElec   .          Harm     .    t - +0 cloak
rCorr   .          Rampage  +    f - +0 pair of gloves
Will    .....                    (no boots)
Stlth   ..........               (no amulet)
HPRegen 0.17/turn                (no ring)
MPRegen 0.09/turn                (no ring)

@: mighty
A: horns 2, retaliatory headbutt
a: no special abilities


You were on level 4 of the Dungeon.
You visited 1 branch of the dungeon, and saw 4 of its levels.

You collected 172 gold pieces.

Inventory:

Hand Weapons
 a - a +0 long sword (weapon)
Armour
 c - a +0 buckler (worn)
 f - a +0 pair of gloves (worn)
 t - a +0 cloak (worn)
 u - a +1 hat (worn)
 z - the +10 plate armour of Exclusion (worn) {Rampage rPois SInv}
   (You found it on level 3 of the Dungeon)

   rPois:     It protects you from poison.
   SInv:      It lets you see invisible.
   Rampage:   It bestows one free step when moving towards enemies.
Jewellery
 b - a +4 ring of evasion
 n - a +6 ring of intelligence
 o - a ring of magical power
 r - an amulet of the acrobat
Wands
 v - a wand of paralysis (3)
Scrolls
 e - 2 scrolls of fear {unknown}
 g - 2 scrolls of noise {unknown}
 h - 8 scrolls of identify {unknown}
 k - 3 scrolls of immolation {unknown}
 s - a scroll of poison {unknown}
 w - a scroll of amnesia {unknown}
 y - a scroll of enchant weapon {unknown}
Potions
 i - 3 potions of attraction {unknown}
 j - 5 potions of curing
 l - a potion of brilliance {unknown}
 m - a potion of haste {unknown}
 p - a potion of lignification {unknown}
 q - 2 potions of heal wounds {unknown}
 x - a potion of berserk rage {unknown}


   Skills:
 + Level 4.4 Fighting
 + Level 5.2 Long Blades
 + Level 5.3 Armour
 + Level 1.0 Dodging
 + Level 0.1 Stealth
 + Level 4.2 Shields


You had 5 spell levels left.
You didn't know any spells.
Your spell library contained the following spells:

 Spells                   Type           Power      Damage    Failure   Level
 Petrify                  Tmut/Erth      0%         N/A       100%        4
 Metabolic Englaciation   Hex/Ice        0%         N/A       100%        5
 Statue Form              Tmut/Erth      0%         N/A       100%        6


Dungeon Overview and Level Annotations

Branches:
Dungeon (4/15)
 Temple: D:4-7

Altars:

Annotations:
D:4 Dowan


Innate Abilities, Weirdness & Mutations

You have a pair of horns on your head.
You reflexively headbutt those who attack you in melee.


Message History

The orc hits you but does no damage. The orc completely misses you.
You furiously retaliate!
You headbutt the orc!!
You kill the orc!
Dowan hits you but does no damage. The dart slug launches a dart at you.
The slug dart hits you but does no damage.
You closely miss Dowan.
Dowan is heavily wounded.
You block Dowan's attack. The orc hits you but does no damage.
Dowan hits you but does no damage. The orc hits you but does no damage. x2
You hit Dowan but do no damage.
Dowan is heavily wounded.
The dart slug launches a dart at you.
The slug dart hits you but does no damage.
Dowan hits you with a +0 dagger.
* * * LOW HITPOINT WARNING * * *
The orc closely misses you. You furiously retaliate!
You headbutt the orc!
You kill the orc!
The orc hits you but does no damage.
You barely miss Dowan. You headbutt Dowan.
Dowan is severely wounded.
Dowan hits you but does no damage. Dowan closely misses you.
You furiously retaliate!
You headbutt Dowan.
The dart slug bites you but does no damage.
The orc hits you but does no damage.
You barely miss Dowan.
Dowan is almost dead.
Dowan hits you but does no damage.
The dart slug bites you but does no damage.
Dowan casts a spell at you. The stone arrow hits you!
* * * LOW HITPOINT WARNING * * *
You closely miss Dowan.
Dowan is almost dead.
Dowan says, "Magic will overcome all!"
Dowan hits you but does no damage. The orc hits you but does no damage. x2
The dart slug barely misses you.
Dowan points at you and mumbles some strange words.
The shard of ice hits you!
You die...

#####. #
###############......
.
.............oo....$.
# ####.....e@w...... #
#####........$##.....#
###.....##......#
...?.$
....######......#
..... .#### #......#
..... ## ######## ....
###.


You could see Dowan (fast), a dart slug and 2 orcs.

Vanquished Creatures
  Duvessa (D:4)
  Jessica (D:3)
  Terence (D:3)
  Robin (D:2)
  A gnoll (D:1)
  3 adders
  2 orcs (D:4)
  7 ball pythons
  3 bats
  An endoplasm (D:1)
  4 giant cockroaches
  8 goblins
  12 hobgoblins
  3 jackals (D:4)
  4 kobolds
  8 quokkas
  A frilled lizard (D:3)
  4 rats
65 creatures vanquished.

Notes
Turn   | Place    | Note
-------+----------+-------------------------------------------
     0 | D:1      | Iusername the Minotaur Fighter began the quest for the Orb.
     0 | D:1      | Reached XP level 1. HP: 19/19 MP: 0/0
    69 | D:1      | Reached XP level 2. HP: 21/27 MP: 1/1
  1119 | D:2      | Reached XP level 3. HP: 29/33 MP: 2/2
  1185 | D:2      | Found a faded altar of an unknown god.
  1750 | D:2      | Noticed Robin
  1771 | D:2      | Killed Robin
  1772 | D:2      | Reached XP level 4. HP: 12/40 MP: 3/3
  2326 | D:3      | Noticed Jessica
  2333 | D:3      | Killed Jessica
  2581 | D:3      | Paralysed by a hobgoblin for 2 turns
  2860 | D:3      | Noticed Terence
  2880 | D:3      | Killed Terence
  2881 | D:3      | Reached XP level 5. HP: 18/47 MP: 4/4
  3572 | D:3      | Identified the +10 plate armour of Exclusion {Rampage rPois
                  | SInv}
  3853 | D:4      | Noticed Dowan
  3854 | D:4      | Noticed Duvessa
  3872 | D:4      | Killed Duvessa
  3873 | D:4      | Reached skill level 5 in Long Blades
  3873 | D:4      | Reached skill level 5 in Armour
  3873 | D:4      | Reached skill level 1 in Dodging
  3873 | D:4      | Reached XP level 6. HP: 25/53 MP: 5/5
  3880 | D:4      | Killed from afar by Dowan

Illustrated notes

Levels and vault maps discovered:
D:1:      ncdulo_smallfort, layout_basic, minmay_misc_feat_room,
          kennysheep_another_room, minivault_26
D:2:      layout_loops_cross, hellmonk_ecumenical_altar_zigzags,
          nrook_loot_triangle, uniq_robin
D:3:      layout_loops_ring, uniq_jessica, uniq_terence
D:4:      black_bear_nest_2, layout_basic, serial_shops, shop,
          hellmonk_ghost_happy_afterlife, uniq_duvessa

Skill      XL: |  1  2  3  4  5 |
---------------+----------------+-----
Armour         | 4 5 |  5.3
Fighting       | 4 |  4.4
Shields        | 4 |  4.2
Long Blades    | 3 4 5 |  5.2
Dodging        | 1 |  1.0
Stealth        | |  0.1

Action                   |  1- 3 |  4- 6 || total
-------------------------+-------+-------++-------
Melee: Long sword        |   104 |    75 ||   179
       Headbutt          |    12 |    16 ||    28
  Use: Potion            |       |     1 ||     1
Armor: Scale mail        |    44 |    17 ||    61
       Plate armour      |       |    64 ||    64
Dodge: Dodged            |    52 |    39 ||    91
Block: Buckler           |    19 |    18 ||    37

Table legend: (Time is in decaauts)
 A = Elapsed time spent in this place.
 B = Non-inter-level travel time spent in this place.
 C = Inter-level travel time spent in this place.
 D = Time resting spent in this place.
 E = Time spent auto-exploring this place.
 F = Levels seen in this place.
 G = Mean time per level.
                   A        B        C        D        E       F      G
               +--------+--------+--------+--------+--------+-----+--------+
         Total |   3925 |   3747 |    178 |    488 |   2778 |   4 |  981.2 |
       Dungeon |   3925 |   3747 |    178 |    488 |   2778 |   4 |  981.2 |
               +--------+--------+--------+--------+--------+-----+--------+

Top non-repeatable levels by time:
     D:3: 1431 daAuts
     D:2: 1218 daAuts
     D:1: 1120 daAuts
     D:4: 156 daAuts
